 Dungeon Crawl Stone Soup version 0.27.0-1-g7a089689b8 (webtiles) character file.

Game seed: 1697741330983685865

46 Raykoid666 the Magician (level 3, -1/27 HPs)
             Began as a Demonspawn Wanderer on Aug 6, 2021.
             Slain by an adder (3 damage)
             ... on level 2 of the Dungeon.
             The game lasted 00:08:01 (1503 turns).

Raykoid666 the Magician (Demonspawn Wanderer)       Turns: 1503, Time: 00:08:01

Health: -1/27      AC:  2    Str: 11    XL:     3   Next: 46%
Magic:  6/6        EV: 11    Int: 16    God:
Gold:   59         SH:  0    Dex: 11    Spells: 6/7 levels left

rFire    . . .     SeeInvis .   a - +2 hand axe
rCold    . . .     Faith    .   (no shield)
rNeg     . . .     Spirit   .   f - +0 robe
rPois    .         Reflect  .   (helmet restricted)
rElec    .         Harm     .   (no cloak)
rCorr    .         Rampage  .   (no gloves)
Will     .....                  (no boots)
Stlth    +.........             g - amulet of regeneration
HPRegen  1.09/turn              (no ring)
MPRegen  0.10/turn              (no ring)

@: brilliant, lethally poisoned (-1 -> -1), hasted, very quick
A: antennae 1
a: no special abilities


You were on level 2 of the Dungeon.
You visited 1 branch of the dungeon, and saw 2 of its levels.

You collected 59 gold pieces.

Inventory:

Hand Weapons
 a - a +2 hand axe (weapon)
 d - a +0 short sword
Armour
 b - a +0 ring mail
 f - a +0 robe (worn)
Jewellery
 g - an amulet of regeneration (around neck)
 j - a ring of resist corrosion
Scrolls
 e - a scroll of amnesia {unknown}
 h - a scroll of enchant weapon {unknown}
 i - a scroll of identify {unknown}


   Skills:
 - Level 2.0 Fighting
 - Level 1.0 Axes
 - Level 1.7 Armour
 + Level 2.6 Spellcasting
 + Level 1.6 Summonings
 + Level 2.3 Necromancy
 - Level 2.0 Evocations


You had 6 spell levels left.
You knew the following spells:

 Your Spells              Type           Power      Damage    Failure   Level
a - Summon Small Mammal   Summ           44%        N/A       10%         1

Your spell library contained the following spells:

 Spells                   Type           Power      Damage    Failure   Level
 Summon Guardian Golem    Hex/Summ       7%         N/A       38%         3


Dungeon Overview and Level Annotations

Branches:
Dungeon (2/15)

Altars:
Fedhas


Innate Abilities, Weirdness & Mutations

You have a pair of small antennae on your head.


Message History

The adder bites you.
You closely miss the adder. The adder bites you.
You barely miss the adder. The adder bites you. x2
You are poisoned.
The adder poisons you!
You completely miss the adder.
You feel sick. The adder completely misses you. The adder bites you.
You barely miss the adder.
You feel sick. The adder closely misses you.
You miss the adder.
You feel sick. The adder closely misses you. The adder barely misses you.
You hit the adder.
The adder is lightly wounded.
You feel sick.
You are no longer poisoned.
The adder closely misses you.
You barely miss the adder.
The adder is lightly wounded.
The adder closely misses you. The adder bites you.
You are poisoned.
The adder poisons you!
You hit the adder.
The adder is moderately wounded.
You feel very sick. The adder bites you.
* * * LOW HITPOINT WARNING * * *
The adder barely misses you.
You closely miss the adder.
The adder is moderately wounded.
You feel sick. The adder barely misses you.
You hit the adder.
The adder is severely wounded.
You feel sick. The adder barely misses you. The adder bites you.
* * * LOW HITPOINT WARNING * * *
It was a potion of haste.
You feel yourself speed up.
You feel sick. The adder bites you.
* * * LOW HITPOINT WARNING * * *
It was a potion of brilliance.
You feel clever all of a sudden.
You feel sick. The adder bites you.
You die...

#.... # ....#. ####
<# ... ## ...###.# #
# #.#.... #
###+..#######.#.##
#∩..∩.....∩..∩#...
#.............####
#@S........... #.
#_..♣..∩..♣..∩ #.
#.............# #.
#.............# ##
#♣..8.....♣..∩#
###.............#
#...............####
#..∩..♣..∩..♣...#...
#...............#...


You could see an adder.

Vanquished Creatures
  A worm (D:2)
  A dart slug (D:1)
  6 endoplasms
  4 giant cockroaches (D:1)
  3 hobgoblins
  8 kobolds (D:1)
  2 quokkas (D:1)
  3 ball pythons (D:1)
  7 bats
  A rat (D:1)
36 creatures vanquished.

Vanquished Creatures (collateral kills)
  A bat (D:1)
1 creature vanquished.

Vanquished Creatures (others)
  A fungus (D:1)
1 creature vanquished.

Grand Total: 38 creatures vanquished

Notes
Turn   | Place    | Note
-------+----------+-------------------------------------------
     0 | D:1      | Raykoid666 the Demonspawn Wanderer began the quest for the
                  | Orb.
     0 | D:1      | Raykoid666 set off with the following items: a +2 hand axe,
                  | a +0 ring mail; and the following spell memorised: Summon
                  | Small Mammal; and the following spells available to
                  | memorise: Summon Guardian Golem
     0 | D:1      | Reached XP level 1. HP: 16/16 MP: 3/3
   115 | D:1      | Gained mutation: You have a pair of small antennae on your
                  | head. [demonic ancestry]
   115 | D:1      | Reached XP level 2. HP: 22/22 MP: 5/5
   304 | D:1      | Reached skill level 1 in Summonings
   839 | D:1      | Reached XP level 3. HP: 20/27 MP: 6/6
  1285 | D:2      | Found a blossoming altar of Fedhas.
  1437 | D:2      | Found a faded altar of an unknown god.
  1503 | D:2      | Slain by an adder

Illustrated notes

Levels and vault maps discovered:
D:1:      dpeg_arrival_prison, layout_loops_corners
D:2:      layout_basic, hellmonk_ecumenical_altar_arch_garden, basic_altar,
          grunt_decor_arrowhead, uniq_terence

Skill      XL: |  1  2 |
---------------+-------+-----
Summonings     | 1 |  1.6
Necromancy     | 2 |  2.3
Fighting       | |  2.0
Axes           | |  1.0
Armour         | |  1.7
Spellcasting   | |  2.6
Evocations     | |  2.0

Action                   || total
-------------------------++-------
Melee: Hand axe          ||   129
 Cast: Summon Small Mamm ||     2
  Use: Potion            ||     2
Armor: Ring mail         ||    62
       Robe              ||    11
Dodge: Dodged            ||    88
